 Dungeon Crawl Stone Soup version 0.28.0 (webtiles) character file.

Game seed: 7019799964551373013

16 AmazingTV the Grasshopper (level 2, -1/15 HPs)
             Began as a Spriggan Warper on Mar 22, 2024.
             Succumbed to an adder's poison
             ... on level 2 of the Dungeon.
             The game lasted 00:03:58 (1432 turns).

AmazingTV the Grasshopper (Spriggan Warper)         Turns: 1432, Time: 00:03:58

Health: -1/15      AC:  2    Str:  7    XL:     2   Next: 37%
Magic:  6/6        EV: 17    Int: 14    God:
Gold:   32         SH:  0    Dex: 14    Spells: 4/6 levels left

rFire   . . .      SeeInvis +   a - +0 short sword {short}
rCold   . . .      Faith    .   (no shield)
rNeg    . . .      Spirit   .   b - +0 robe
rPois   .          Reflect  .   (helmet restricted)
rElec   .          Harm     .   (no cloak)
rCorr   .          Rampage  .   (gloves unavailable)
Will    .....                   (boots unavailable)
Stlth   ++........              (no amulet)
HPRegen 0.05/turn               (no ring)
MPRegen 0.10/turn               (no ring)

@: lethally poisoned (-1 -> -13), very quick
A: very small, no large weapons, unfitting armour, see invisible, speed 3
a: no special abilities


You were on level 2 of the Dungeon.
You visited 1 branch of the dungeon, and saw 2 of its levels.

You collected 32 gold pieces.


Innate Abilities, Weirdness & Mutations

You are very small and have problems with some larger weapons.
You are too small for most types of armour.
You have supernaturally acute eyesight. (SInv)
You cover ground extremely quickly. (Speed+++)


   Skills:
 + Level 1.6 Fighting
 + Level 2.4 Short Blades
 + Level 1.3 Throwing
 + Level 3.3 Dodging
 + Level 1.1 Stealth
 + Level 2.8 Spellcasting
 + Level 4.6 Translocations


You had 4 spell levels left.
You knew the following spells:

 Your Spells              Type           Power      Damage    Failure   Level
a - Blink                 Tloc           30%        N/A       4%          2

Your spell library contained the following spells:

 Spells                   Type           Power      Damage    Failure   Level
 Gell's Gravitas          Tloc           15%        N/A       10%         3
 Lesser Beckoning         Tloc           15%        N/A       10%         3
 Teleport Other           Tloc           15%        N/A       10%         3
 Manifold Assault         Tloc           15%        N/A       65%         5

Inventory:

Hand Weapons
 a - a +0 short sword (weapon) {short}
Missiles
 d - 5 boomerangs of dispersal (quivered) {=f!f}
 e - 66 stones
 i - 14 arrows
Armour
 b - a +0 robe (worn)
Scrolls
 c - a scroll of blinking {!r}
 f - a scroll of vulnerability {unknown}
 g - 2 scrolls of noise {unknown}
 j - a scroll of identify {unknown}
Potions
 h - a potion of degeneration {unknown}

Dungeon Overview and Level Annotations

Branches:
Dungeon (2/15)

Altars:

###########
####......S@.#
##.##.#######.#
#.....# #.#
##S#### #.# #.#
#.##### #.#
#.....# #S#
#####.# #.# #.#
##.## #.#


You could see an adder.


Message History

You hit the rat but do no damage. The rat bites you. 😕 HP[-1]
You take 1 damage, and now have 14/15 hp.
You closely miss the rat. The rat misses you.
You hit the rat.
You kill the rat!
You start resting. 😎 HP[+1]
Your hp is fully restored (15).
There is a stone staircase leading down here.
You open the large door.
There is a large open door here.
There is a large open door here.
You open the large door.
There is a large open door here.
There is a large open door here.
You open the large door.
There is a large open door here.
There is a large open door here.
You open the door.
There is an open door here.
There is a large open door here.
There is a large open door here.
You open the large door.
There is a large open door here.
There is a large open door here.
You open the door.
Found an escape hatch in the floor.
There is an open door here.
There is an open door here.
You open the door.
There is an open door here.
You open the door.
There is an open door here.
There is a large open door here.
There is a large open door here.
There is a stone staircase leading down here.
A sourceless malevolence fills the Dungeon...
You fall into a shaft and drop 1 floor!
The shaft crumbles and collapses.
Found a stone staircase leading up.
Found a stone staircase leading down.
A goblin comes into view. It is wielding a +0 dagger.
You hit the goblin.
The goblin hits you with a +0 dagger. 😕 HP[-3]
You take 3 damage, and now have 12/15 hp.
You closely miss the goblin. The goblin barely misses you.
You barely miss the goblin. The goblin hits you but does no damage.
You closely miss the goblin. The goblin barely misses you.
You barely miss the goblin. The goblin barely misses you.
You hit the goblin.
You kill the goblin!
A kobold comes into view.
It is wielding a +0 short sword. 😕 HP[+1]
You start resting.
A kobold is nearby!
You start resting. 😎 HP[+2]
Your hp is fully restored (15).
An adder comes into view.
You see here a +0 dagger {short}.
An endoplasm comes into view.
The kobold shouts!
The endoplasm moves out of view.
You hit the kobold. The kobold barely misses you.
You hit the kobold but do no damage.
The kobold hits you with a +0 short sword. 😮 HP[-4]
You take 4 damage, and now have 11/15 hp.
MASSIVE DAMAGE!! (PAUSE)
You barely miss the kobold.
The kobold hits you with a +0 short sword.
* * * LOW HITPOINT WARNING * * *
😨 HP[-4]
You take 4 damage, and now have 7/15 hp.
MASSIVE DAMAGE!! (PAUSE)
You hit the kobold.
You kill the kobold!
The adder hisses angrily.
An adder is nearby! 😮 HP[+1]
An adder is nearby!
The adder barely misses you.
You hit the adder but do no damage. The adder completely misses you.
You hit the adder. The adder bites you.
* * * LOW HITPOINT WARNING * * *
You are lethally poisoned!
The adder poisons you! 😨 HP[-3]
You take 3 damage, and now have 5/15 hp.
You miss the adder.
* * * LOW HITPOINT WARNING * * *
You feel sick. The adder bites you.
* * * LOW HITPOINT WARNING * * *
You are more poisoned.
The adder poisons you! 😱 HP[-3]
You take 3 damage, and now have 2/15 hp.
You closely miss the adder.
You die...

Skill      XL: |  1  2 |
---------------+-------+-----
Stealth        | 1 |  1.1
Fighting       | |  1.6
Short Blades   | |  2.4
Throwing       | |  1.3
Dodging        | |  3.3
Spellcasting   | |  2.8
Translocations | |  4.6

Action                   || total
-------------------------++-------
Melee: Short sword       ||    79
       Punch             ||     1
 Stab: Sleeping          ||     3
Armor: Robe              ||     5
Dodge: Dodged            ||    48

Levels and vault maps discovered:
D:1:      saegor_arrival_fortress, layout_loops_ring, st_stairs_5
D:2:      layout_loops_ring, basic_altar, uniq_sigmund, uniq_natasha

Notes
Turn   | Place    | Note
-------+----------+-------------------------------------------
     0 | D:1      | AmazingTV the Spriggan Warper began the quest for the Orb.
     0 | D:1      | Reached XP level 1. HP: 10/10 MP: 5/5
     0 | D:1      | magus.rc [v1.9.6]
   665 | D:1      | Reached XP level 2. HP: 14/15 MP: 6/6
   667 | D:1      | Reached skill level 1 in Stealth
   724 | D:1      | HP: 3/15 [kobold (3)]
  1112 | D:1      | Learned a level 2 spell: Blink
  1299 | D:1      | You fall into a shaft and drop 1 floor!
  1431 | D:2      | HP: 3/15 [poisoned by an adder]
  1432 | D:2      | Succumbed to an adder's poison

Vanquished Creatures
  A bat (D:1)
  An endoplasm (D:1)
  2 goblins
  A quokka (D:1)
  2 ball pythons (D:1)
  6 frilled lizards (D:1)
  2 kobolds
  2 rats (D:1)
17 creatures vanquished.

Table legend:
 A = Non-vault XP
 B = Vault XP
 C = Vault XP percentage of total XP
 D = Non-vault monster count
 E = Vault monster count
 F = Vault count percentage of total count
                 A         B        C        D         E       F
            +---------+---------+-------+---------+---------+-------
      Total |      20 |       3 |  13.0 |      15 |       2 |  11.8
            +---------+---------+-------+---------+---------+-------
        D:1 |      17 |       3 |  15.0 |      13 |       2 |  13.3
        D:2 |       3 |       0 |   0.0 |       2 |       0 |   0.0
            +---------+---------+-------+---------+---------+-------

Illustrated notes

Table legend:
 A = Kills in this place as a percentage of kills in entire the game.
 B = Kills by you in this place as a percentage of kills by you in the entire game.
 C = Kills by friends in this place as a percentage of kills by friends in the entire game.
 D = Other kills in this place as a percentage of other kills in the entire game.
 E = Experience gained in this place as a percentage of experience gained in the entire game.
 F = Experience gained in this place divided by the number of levels of this place that you have seen.
                   A       B       C       D       E      F
               +-------+-------+-------+-------+-------+----------------------
         Total | 100.0 | 100.0 |   N/A |   N/A | 100.0 |  11.5
       Dungeon | 100.0 | 100.0 |   N/A |   N/A | 100.0 |  11.5
               +-------+-------+-------+-------+-------+----------------------

Table legend: (Time is in decaauts)
 A = Elapsed time spent in this place.
 B = Non-inter-level travel time spent in this place.
 C = Inter-level travel time spent in this place.
 D = Time resting spent in this place.
 E = Time spent auto-exploring this place.
 F = Levels seen in this place.
 G = Mean time per level.
                   A        B        C        D        E       F      G
               +--------+--------+--------+--------+--------+-----+--------+
         Total |   1194 |   1194 |      0 |    729 |    292 |   2 |  597.0 |
       Dungeon |   1194 |   1194 |      0 |    729 |    292 |   2 |  597.0 |
               +--------+--------+--------+--------+--------+-----+--------+

Top non-repeatable levels by time:
     D:1: 1091 daAuts
     D:2: 103 daAuts
